PL
CHICAGO GOLD SOX @ ATLANTA SMOKE
08/12/2033
 
TOP OF THE 1ST
Chicago Gold Sox batting - Pitching for Atlanta Smoke : RHP Ricardo Suárez
Pitching: RHP Ricardo Suárez
Batting: RHB Jay Hood 0-0: Ball
1-0: Foul Ball, location: 2F
1-1: Ground out 5-3 (Groundball, 56)
Now at 3B: Raúl Duarte
Batting: RHB Zeus Preckwinkle 0-0: Ball
1-0: Ground out 4-3 (Groundball, 4S)
Batting: RHB Shimei Miura 0-0: Foul Ball, location: 2F
0-1: Foul Ball, location: 2F
0-2: Strikes out swinging
Top of the 1st over - 0 runs, 0 hits, 0 errors, 0 left on base; Chicago 0 - Atlanta 0
BOTTOM OF THE 1ST
Atlanta Smoke batting - Pitching for Chicago Gold Sox : LHP Keisuke Nishida
Pitching: LHP Keisuke Nishida
Batting: RHB Silvio Bonauiti 0-0: Called Strike
0-1: Ball
1-1: Called Strike
1-2: Strikes out swinging
Batting: RHB Syed Sarkar 0-0: Ball
1-0: Ball
2-0: Fly out, F8 (Flyball, 8RD)
Batting: LHB Albert Morán 0-0: Called Strike
0-1: Ball
1-1: Ball
2-1: Foul Ball, location: 2F
2-2: Foul Ball, location: 2F
2-2: Ball
3-2: Base on Balls
Batting: SHB Raúl Duarte 0-0: Ball
1-0: Ball
2-0: Ball
3-0: Base on Balls
Albert Morán to second
Batting: LHB Lance Antle 0-0: Ball
1-0: Ball
2-0: Swinging Strike
2-1: Called Strike
2-2: Ball
3-2: Strikes out swinging
Bottom of the 1st over - 0 runs, 0 hits, 0 errors, 2 left on base; Chicago 0 - Atlanta 0
TOP OF THE 2ND
Chicago Gold Sox batting - Pitching for Atlanta Smoke : RHP Ricardo Suárez
Batting: RHB Ramón Rodríguez 0-0: Ball
1-0: Ball
2-0: Foul Ball, location: 2F
2-1: Fly out, F9 (Flyball, 89D)
Batting: SHB Lupo Cotto 0-0: Ball
1-0: Ball
2-0: Ball
3-0: SINGLE (Flyball, 9LS)
Batting: SHB Valentín Guzmán 0-0: Called Strike
0-1: Foul Ball, location: 2F
0-2: Ball
1-2: Ball
2-2: Ball
3-2: SINGLE (Groundball, 4D)
Lupo Cotto to second
Runner from 2nd tries for 3rd, SAFE, no throw
Batting: LHB Miguel Gazivoda 0-0: Ball
1-0: Ball
2-0: Called Strike
2-1: Ball
3-1: Base on Balls
Valentín Guzmán to second
Batting: LHB Count Dante 0-0: Called Strike
0-1: Called Strike
0-2: Fielders Choice at 2nd, 6-4 (Groundball, 6M)
Lupo Cotto scores
Valentín Guzmán to third
Batting: RHB Norman Winston 0-0: Ball
1-0: Called Strike
1-1: Foul Ball, location: 2F
1-2: Foul Ball, location: 2F
1-2: SINGLE (Groundball, 6MD)
Valentín Guzmán scores
Count Dante to second
Runner from 2nd tries for 3rd, SAFE, no throw
Batting: RHB Jay Hood 0-0: Ball
Norman Winston steals 2nd base
1-0: Foul Ball, location: 2F
1-1: Called Strike
1-2: Ball
2-2: Foul Ball, location: 2F
2-2: Foul Ball, location: 2F
2-2: Strikes out swinging
Top of the 2nd over - 2 runs, 3 hits, 0 errors, 2 left on base; Chicago 2 - Atlanta 0
BOTTOM OF THE 2ND
Atlanta Smoke batting - Pitching for Chicago Gold Sox : LHP Keisuke Nishida
Batting: RHB Bruce Ingilby 0-0: Ground out 4-3 (Groundball, 4)
Batting: LHB Kade Eagleton 0-0: Foul Ball, location: 2F
0-1: Swinging Strike
0-2: Ball
1-2: Ground out 1-3 (Groundball, P)
Batting: RHB Cosmo Bjorkenheim 0-0: Ball
1-0: Ball
2-0: Ball
3-0: Called Strike
3-1: Foul Ball, location: 2F
3-2: Strikes out swinging
Bottom of the 2nd over - 0 runs, 0 hits, 0 errors, 0 left on base; Chicago 2 - Atlanta 0
TOP OF THE 3RD
Chicago Gold Sox batting - Pitching for Atlanta Smoke : RHP Ricardo Suárez
Batting: RHB Zeus Preckwinkle 0-0: Called Strike
0-1: Fly out, F9 (Flyball, 9D)
Batting: RHB Shimei Miura 0-0: Called Strike
0-1: Ground out 5-3 (Groundball, 56S)
Batting: RHB Ramón Rodríguez 0-0: Ball
1-0: Ball
2-0: Called Strike
2-1: Foul Ball, location: 2F
2-2: Ball
3-2: Ground out 1-3 (Groundball, 15S)
Top of the 3rd over - 0 runs, 0 hits, 0 errors, 0 left on base; Chicago 2 - Atlanta 0
BOTTOM OF THE 3RD
Atlanta Smoke batting - Pitching for Chicago Gold Sox : LHP Keisuke Nishida
Batting: RHB Pau Arria 0-0: Ball
1-0: Ground out 5-3 (Groundball, 5)
Batting: RHB Silvio Bonauiti 0-0: Called Strike
0-1: Ball
1-1: Foul Ball, location: 2F
1-2: Ball
2-2: Foul Ball, location: 2F
2-2: Strikes out looking
Batting: RHB Syed Sarkar 0-0: Called Strike
0-1: Ball
1-1: Foul Ball, location: 2F
1-2: Strikes out looking
Bottom of the 3rd over - 0 runs, 0 hits, 0 errors, 0 left on base; Chicago 2 - Atlanta 0
TOP OF THE 4TH
Chicago Gold Sox batting - Pitching for Atlanta Smoke : RHP Ricardo Suárez
Batting: SHB Lupo Cotto 0-0: Foul Ball, location: 2F
0-1: Ball
1-1: Ball
2-1: Called Strike
2-2: Foul Ball, location: 2F
2-2: Ball
3-2: Base on Balls
Batting: SHB Valentín Guzmán 0-0: Swinging Strike
0-1: Called Strike
0-2: Ball
1-2: Foul Ball, location: 2F
1-2: Fly out, F6 (Popup, 4M)
Batting: LHB Miguel Gazivoda 0-0: Ball
1-0: Foul Ball, location: 2F
1-1: Ball
2-1: Ball
3-1: Fly out, F3 (Popup, 23F)
Batting: LHB Count Dante 0-0: Called Strike
0-1: Called Strike
0-2: Ball
1-2: Foul Ball, location: 2F
1-2: Strikes out swinging
Top of the 4th over - 0 runs, 0 hits, 0 errors, 1 left on base; Chicago 2 - Atlanta 0
BOTTOM OF THE 4TH
Atlanta Smoke batting - Pitching for Chicago Gold Sox : LHP Keisuke Nishida
Batting: LHB Albert Morán 0-0: Fly out, F8 (Flyball, 8LM)
Batting: SHB Raúl Duarte 0-0: SINGLE (Line Drive, 56D)
Batting: LHB Lance Antle 0-0: Foul Ball, location: 2F
0-1: Ball
1-1: Ball
2-1: Called Strike
2-2: Fielders Choice at 2nd, 5-4 (Groundball, 5L)
Batting: RHB Bruce Ingilby 0-0: Ball
Lance Antle steals 2nd base
1-0: Ball
2-0: Called Strike
2-1: Ground out 6-3 (Groundball, 6)
Bottom of the 4th over - 0 runs, 1 hit, 0 errors, 1 left on base; Chicago 2 - Atlanta 0
TOP OF THE 5TH
Chicago Gold Sox batting - Pitching for Atlanta Smoke : RHP Ricardo Suárez
Batting: RHB Norman Winston 0-0: Ball
1-0: Called Strike
1-1: Called Strike
1-2: Ball
2-2: Fly out, F9 (Flyball, 9LS)
Batting: RHB Jay Hood 0-0: Foul Ball, location: 2F
0-1: Ball
1-1: Ball
2-1: Ground out 6-3 (Groundball, 6MS)
Batting: RHB Zeus Preckwinkle 0-0: Swinging Strike
0-1: Ball
1-1: Ball
2-1: SINGLE (Groundball, 56D)
Batting: RHB Shimei Miura 0-0: Called Strike
0-1: Ball
1-1: Ground out 5-3 (Groundball, 6MS)
Top of the 5th over - 0 runs, 1 hit, 0 errors, 1 left on base; Chicago 2 - Atlanta 0
BOTTOM OF THE 5TH
Atlanta Smoke batting - Pitching for Chicago Gold Sox : LHP Keisuke Nishida
Batting: LHB Kade Eagleton 0-0: Foul Ball, location: 2F
0-1: Ball
1-1: Swinging Strike
1-2: Strikes out swinging
Batting: RHB Cosmo Bjorkenheim 0-0: Ball
1-0: Called Strike
1-1: Foul Ball, location: 2F
1-2: Ground out 5-3 (Groundball, 5)
Batting: RHB Pau Arria 0-0: Swinging Strike
0-1: Ball
1-1: Swinging Strike
1-2: Foul Ball, location: 2F
1-2: Ball
2-2: Strikes out looking
Bottom of the 5th over - 0 runs, 0 hits, 0 errors, 0 left on base; Chicago 2 - Atlanta 0
TOP OF THE 6TH
Chicago Gold Sox batting - Pitching for Atlanta Smoke : RHP Ricardo Suárez
Batting: RHB Ramón Rodríguez 0-0: Swinging Strike
0-1: Ball
1-1: Ball
2-1: Ball
3-1: Base on Balls
Batting: SHB Lupo Cotto 0-0: Fly out, F8 (Flyball, 8RM)
Batting: SHB Valentín Guzmán 0-0: Ball
1-0: Ball
2-0: Called Strike
2-1: Ball
3-1: Base on Balls
Ramón Rodríguez to second
Batting: LHB Miguel Gazivoda 0-0: Swinging Strike
0-1: Fielders Choice at 2nd, 1-6 (Groundball, 13S)
Ramón Rodríguez to third
Batting: LHB Count Dante 0-0: Foul Ball, location: 2F
0-1: Foul Ball, location: 2F
0-2: Strikes out swinging
Top of the 6th over - 0 runs, 0 hits, 0 errors, 2 left on base; Chicago 2 - Atlanta 0
BOTTOM OF THE 6TH
Atlanta Smoke batting - Pitching for Chicago Gold Sox : LHP Keisuke Nishida
Batting: RHB Silvio Bonauiti 0-0: Ball
1-0: Ball
2-0: Called Strike
2-1: Fly out, F4 (Popup, 4M)
Batting: RHB Syed Sarkar 0-0: Swinging Strike
0-1: Called Strike
0-2: Ball
1-2: Ball
2-2: Strikes out looking
Batting: LHB Albert Morán 0-0: Fly out, F7 (Flyball, 7)
Bottom of the 6th over - 0 runs, 0 hits, 0 errors, 0 left on base; Chicago 2 - Atlanta 0
TOP OF THE 7TH
Chicago Gold Sox batting - Pitching for Atlanta Smoke : RHP Ricardo Suárez
Batting: RHB Norman Winston 0-0: Ball
1-0: Called Strike
1-1: Fly out, F8 (Flyball, 8RD)
Batting: RHB Jay Hood 0-0: Called Strike
0-1: Called Strike
0-2: Strikes out looking
Batting: RHB Zeus Preckwinkle 0-0: Ball
1-0: Ball
2-0: Ball
3-0: Base on Balls
Pitching: RHP Francisco García
Batting: RHB Shimei Miura 0-0: Ball
1-0: Called Strike
1-1: Ball
2-1: Foul Ball, location: 2F
2-2: Ball
Pickoff Throw to First - Out!
Top of the 7th over - 0 runs, 0 hits, 0 errors, 0 left on base; Chicago 2 - Atlanta 0
BOTTOM OF THE 7TH
Atlanta Smoke batting - Pitching for Chicago Gold Sox : LHP Keisuke Nishida
Batting: SHB Raúl Duarte 0-0: Ball
1-0: Ball
2-0: Foul Ball, location: 2F
2-1: Foul Ball, location: 2F
2-2: Ball
3-2: Ground out 5-3 (Groundball, 56)
Batting: LHB Lance Antle 0-0: Ball
1-0: Ball
2-0: Fly out, F7 (Flyball, 7S)
Batting: RHB Bruce Ingilby 0-0: Foul Ball, location: 2F
0-1: Ball
1-1: Foul Ball, location: 2F
1-2: Ball
2-2: Ball
3-2: Fly out, F5 (Popup, 56)
Bottom of the 7th over - 0 runs, 0 hits, 0 errors, 0 left on base; Chicago 2 - Atlanta 0
TOP OF THE 8TH
Chicago Gold Sox batting - Pitching for Atlanta Smoke : RHP Francisco García
Batting: RHB Shimei Miura 0-0: Ball
1-0: Called Strike
1-1: Ball
2-1: Foul Ball, location: 2F
2-2: Foul Ball, location: 2F
2-2: Foul Ball, location: 2F
2-2: Ball
3-2: Foul Ball, location: 2F
3-2: Ground out 6-3 (Groundball, 6)
Batting: RHB Ramón Rodríguez 0-0: Called Strike
0-1: Called Strike
0-2: Foul Ball, location: 2F
0-2: Strikes out swinging
Batting: SHB Lupo Cotto 0-0: Ground out 4-3 (Groundball, 4S)
Top of the 8th over - 0 runs, 0 hits, 0 errors, 0 left on base; Chicago 2 - Atlanta 0
BOTTOM OF THE 8TH
Atlanta Smoke batting - Pitching for Chicago Gold Sox : LHP Keisuke Nishida
Batting: LHB Kade Eagleton 0-0: Called Strike
0-1: Swinging Strike
0-2: Strikes out swinging
Batting: RHB Cosmo Bjorkenheim 0-0: Ball
1-0: Foul Ball, location: 2F
1-1: Ball
2-1: Foul Ball, location: 2F
2-2: Ground out 5-3 (Groundball, 56)
Batting: RHB Pau Arria 0-0: Called Strike
0-1: Ball
1-1: Ball
2-1: Fly out, F7 (Flyball, 7S)
Bottom of the 8th over - 0 runs, 0 hits, 0 errors, 0 left on base; Chicago 2 - Atlanta 0
TOP OF THE 9TH
Chicago Gold Sox batting - Pitching for Atlanta Smoke : RHP Francisco García
Batting: SHB Valentín Guzmán 0-0: Called Strike
0-1: Swinging Strike
0-2: Ball
1-2: Strikes out swinging
Batting: LHB Miguel Gazivoda 0-0: Called Strike
0-1: Ball
1-1: Ball
2-1: Ball
3-1: Base on Balls
Batting: LHB Count Dante 0-0: Called Strike
0-1: Foul Ball, location: 2F
0-2: Strikes out swinging
Batting: RHB Norman Winston 0-0: Ball
1-0: Called Strike
1-1: SINGLE (Groundball, 4MD)
Miguel Gazivoda to second
Batting: RHB Jay Hood 0-0: Ball
1-0: Called Strike
1-1: SINGLE (Groundball, 34D)
Miguel Gazivoda to third
Norman Winston to second
Runner from 3rd tries for Home, SAFE, no throw
Batting: RHB Zeus Preckwinkle 0-0: Called Strike
0-1: Called Strike
0-2: Ball
1-2: Ground out 3-1 (Groundball, 34S)
Top of the 9th over - 1 run, 2 hits, 0 errors, 2 left on base; Chicago 3 - Atlanta 0
BOTTOM OF THE 9TH
Atlanta Smoke batting - Pitching for Chicago Gold Sox : LHP Keisuke Nishida
Batting: RHB Silvio Bonauiti 0-0: Called Strike
0-1: Foul Ball, location: 2F
0-2: Ball
1-2: Foul Ball, location: 2F
1-2: Strikes out swinging
Batting: RHB Syed Sarkar 0-0: Ball
1-0: Ball
2-0: DOUBLE (Line Drive, 8LXD)
Pitching: LHP Ilie Paunescu
Batting: LHB Albert Morán 0-0: Ball
1-0: Swinging Strike
1-1: Ground out 1-3 (Groundball, 13)
Syed Sarkar to third
Batting: SHB Raúl Duarte 0-0: Swinging Strike
0-1: Ball
1-1: Ball
2-1: Foul Ball, location: 2F
2-2: SINGLE (Groundball, 56D)
Syed Sarkar scores
Batting: LHB Lance Antle 0-0: Ground out 4-3 (Groundball, 4)
Bottom of the 9th over - 1 run, 2 hits, 0 errors, 1 left on base; Chicago 3 - Atlanta 1
Saturday, December 22nd, 2018 - OOTP Baseball 18.8 Build 76